 Dungeon Sprint DCSS version 0.26-a0-651-gb41185065b (webtiles) character file.

Game seed: 9489838911838266537

5313 mhtbhm the Fencer (level 10, -1/101 HPs)
             Began as a Minotaur Fighter on Sept 30, 2020.
             Was the Champion of Trog.
             Slain by an orc wizard
             ... wielding a +0 dagger
              (2 damage)
             ... in the Dungeon (Sprint III: "The Ten Rune Challenge").
             The game lasted 00:05:00 (1782 turns).

mhtbhm the Fencer (Minotaur Fighter)                Turns: 1782, Time: 00:05:01

Health: -1/101     AC:  9    Str: 24    XL:     10   Next: 37%
Magic:  9/9        EV: 12    Int:  5    God:    Trog [******]
Gold:   42         SH: 13    Dex: 10    Spells: 9/9 levels left

rFire    . . .     SeeInvis .   u - +3 scimitar (vorpal)
rCold    + . .     Faith    .   c - +0 kite shield
rNeg     . . .     Spirit   .   b - +0 scale mail
rPois    .         Reflect  .   (helmet restricted)
rElec    .         Harm     .   (no cloak)
rCorr    .         Rampage  .   (no gloves)
MR       ++...     NoTele   +   (no boots)
Stlth    ..........             (no amulet)
HPRegen  1.26/turn              (no ring)
MPRegen  0.11/turn              (no ring)

@: lethally poisoned (-1 -> -25), berserk cooldown, regenerating, slowed,
drained, very slow
A: retaliatory headbutt, claws 1, horns 2, cold resistance 1, evolution 1
a: Berserk, Trog's Hand, Brothers in Arms, Renounce Religion


You were in the Dungeon.
You worshipped Trog.
Trog was exalted by your worship.
You visited 1 branch You collected 42 gold pieces.

Inventory:

Hand Weapons
 t - a +1 long sword of holy wrath
 u - a +3 vorpal scimitar (weapon)
Armour
 b - a +0 scale mail (worn)
 c - a +0 kite shield (worn)
Scrolls
 j - a scroll of blinking
 l - 2 scrolls of immolation {unknown}
 m - 3 scrolls of identify
 n - a scroll of amnesia {unknown}
 q - 2 scrolls of remove curse
Potions
 d - a potion of might
 g - a potion of haste
 h - 2 potions of magic
 k - 2 potions of invisibility {unknown}
 o - 2 potions of experience {unknown}
 p - 4 potions of flight
 r - 4 potions of mutation
 s - a potion of degeneration {unknown}
Miscellaneous
 i - a tin of tremorstones (1/3)


   Skills:
 + Level 13.6(12.8) Fighting
 + Level 15.2(14.4) Long Blades
 + Level 13.8(13.0) Armour
 + Level 7.1(6.5) Dodging
 + Level 1.3(0.8) Stealth
 + Level 13.9(13.1) Shields
 + Level 0.4(0.0) Evocations


You had 9 spell levels left.
You didn't know any spells.
Your spell library was empty.

Dungeon Overview and Level Annotations

Branches:
Dungeon (1/1)

Altars:
Cheibriados
Dithmenos
Elyvilon
Fedhas
Gozag
Hepliaklqana
Kikubaaqudgha
Makhleb
Nemelex Xobeh
Okawaru
Qazlal
Ru
Sif Muna
Trog
Uskayaw
Vehumet
Wu Jian
Xom
Yredelemnul
Zin
The Shining One
Beogh
Jiyva
Lugonu

Shops:
D (


Innate Abilities, Weirdness & Mutations

You reflexively headbutt those who attack you in melee.
You have a pair of horns on your head.
You have sharp fingernails.
Your flesh is cold resistant. (rC+)
You evolve.


Message History

You feel very sick. Something hits you.
* * * LOW HITPOINT WARNING * * *
The red devil hops backward while attacking.
The red devil hits you from afar with a +1 demon trident of venom!
* * * LOW HITPOINT WARNING * * *
You are lethally poisoned!
The orc sorcerer hits you but does no damage.
Something hits you.
* * * LOW HITPOINT WARNING * * *
Okay, then.
Your skin crawls.
You feel resistant to hostile enchantments.
You feel very sick.
The red devil hits you from afar with a +1 demon trident of venom!
* * * LOW HITPOINT WARNING * * *
You are more poisoned.
The orc sorcerer hits you but does no damage.
Something hits you.
You die...

▓▓▓ ▓▓▓ ▓▓ #.############$####
$$# ..#___#___#__#$$∩$###$$.+
..#.†)#__.#._#.........$#
..###'#)###)##)$4)....$#
..#..........#){)o)$..#
..'.⌠........#))@##.###
..#...######'#)##$# $#
..#.⌠.#__#...#'##################
..#...#__#...#....#.#.#.....#....
..#)###__#...##.#).#.##)###.#^.^.
..#.):#__#...'##)#.#.##.#.)##...^
..#___#__'...#...#..#..##.[')....
▓▓▓▓▓▓▓▓▓▓▓▓▓▓▓▓▓▓▓▓▓▓▓▓▓▓▓#.....
#..^..


You could see an orc sorcerer and a red devil (summoned).

Vanquished Creatures
  Erolcha (D)
  An orc high priest (D)
  A deep elf mage (D)
  A queen bee (D)
  A shadow (D)
  2 redbacks (D)
  A spatial vortex (D)
  An orc warrior (D)
  A necrophage (D)
  5 two-headed ogres (D)
  A water elemental (D)
  29 killer bees (D)
  A jelly (D)
  2 orc wizards (D)
  A wizard (D)
  A necromancer (D)
  A kobold demonologist (D)
  3 humans (D)
  An ooze (D)
  A phantom (D)
  11 orcs (D)
  3 rats (D)
70 creatures vanquished.

Vanquished Creatures (collateral kills)
  3 killer bees (D)
3 creatures vanquished.

Vanquished Creatures (others)
  A hydra (D)
  An orc (D)
  6 plants (D)
8 creatures vanquished.

Grand Total: 81 creatures vanquished

Notes
Turn   | Place    | Note
-------+----------+-------------------------------------------
     0 | D        | mhtbhm the Minotaur Fighter began the quest for the Orb.
     0 | D        | Reached XP level 1. HP: 19/19 MP: 0/0
   100 | D        | Reached skill level 5 in Fighting
   100 | D        | Reached skill level 3 in Long Blades
   100 | D        | Reached skill level 5 in Armour
   100 | D        | Reached skill level 5 in Shields
   100 | D        | Reached XP level 2. HP: 25/29 MP: 1/1
   151 | D        | Reached XP level 3. HP: 29/36 MP: 2/2
   167 | D        | Killed a five-headed hydra
   171 | D        | Gained mutation: You evolve. [potion of mutation]
   171 | D        | Gained mutation: Your flesh is cold resistant. (rC+)
                  | [potion of mutation]
   171 | D        | Gained mutation: You are dopey. (Int -2) [potion of
                  | mutation]
   171 | D        | Lost mutation: You are dopey. (Int -2) [potion of mutation]
   208 | D        | Noticed a water elemental
   221 | D        | Killed a water elemental
   221 | D        | Reached skill level 4 in Long Blades
   221 | D        | Reached XP level 4. HP: 41/45 MP: 3/3
   264 | D        | Found a hide-covered altar of Uskayaw.
   264 | D        | Found a roughly hewn altar of Beogh.
   264 | D        | Found an iron altar of Okawaru.
   264 | D        | Found a bloodstained altar of Trog.
   264 | D        | Found an ornate altar of the Wu Jian Council.
   264 | D        | Noticed a human
   265 | D        | Noticed a human
   272 | D        | Killed a human
   272 | D        | Reached skill level 6 in Long Blades
   272 | D        | Reached skill level 1 in Dodging
   272 | D        | Reached XP level 5. HP: 53/53 MP: 4/4
   283 | D        | Killed a human
   283 | D        | Reached skill level 7 in Long Blades
   283 | D        | Reached XP level 6. HP: 24/63 MP: 5/5
   294 | D        | Became a worshipper of Trog the Wrathful
   463 | D        | Found a basalt altar of Yredelemnul.
   463 | D        | Found a shadowy altar of Dithmenos.
   463 | D        | Found a sacrificial altar of Ru.
   467 | D        | Reached skill level 8 in Long Blades
   473 | D        | Reached * piety under Trog
   473 | D        | Reached skill level 10 in Armour
   491 | D        | Found a radiant altar of Vehumet.
   491 | D        | Found a shimmering blue altar of Sif Muna.
   491 | D        | Found an ancient bone altar of Kikubaaqudgha.
   498 | D        | Noticed a hellwing
   498 | D        | Reached ** piety under Trog
   512 | D        | Found a glowing silver altar of Zin.
   512 | D        | Found a glowing golden altar of the Shining One.
   512 | D        | Found a white marble altar of Elyvilon.
   513 | D        | Noticed a deep elf mage
   522 | D        | Killed a deep elf mage
   522 | D        | Reached skill level 10 in Fighting
   522 | D        | Reached skill level 10 in Long Blades
   522 | D        | Reached skill level 10 in Shields
   522 | D        | Reached XP level 7. HP: 73/73 MP: 6/6
   629 | D        | Noticed a shadow
   636 | D        | Killed a shadow
   636 | D        | Reached *** piety under Trog
   636 | D        | Reached XP level 8. HP: 73/82 MP: 7/7
   661 | D        | Found a blossoming altar of Fedhas.
   661 | D        | Found a stormy altar of Qazlal.
   661 | D        | Found a snail-covered altar of Cheibriados.
   661 | D        | Found a burning altar of Makhleb.
   661 | D        | Found a shimmering altar of Xom.
   662 | D        | Found a hazy altar of Hepliaklqana.
   662 | D        | Found an opulent altar of Gozag.
   662 | D        | Found a sparkling altar of Nemelex Xobeh.
   662 | D        | Found a corrupted altar of Lugonu.
   662 | D        | Found a viscous altar of Jiyva.
   848 | D        | Reached skill level 11 in Long Blades
   853 | D        | Reached **** piety under Trog
   896 | D        | Noticed a two-headed ogre
   905 | D        | Killed a two-headed ogre
   931 | D        | Gained mutation: You have sharp fingernails. [evolution]
  1084 | D        | Noticed Erolcha
  1084 | D        | Noticed a two-headed ogre
  1093 | D        | Killed a two-headed ogre
  1093 | D        | Reached skill level 12 in Long Blades
  1093 | D        | Reached XP level 9. HP: 90/90 MP: 8/8
  1100 | D        | Killed Erolcha
  1100 | D        | Reached skill level 13 in Long Blades
  1100 | D        | Reached skill level 5 in Dodging
  1137 | D        | Reached ***** piety under Trog
  1370 | D        | Received a gift from Trog
  1377 | D        | Reached skill level 14 in Long Blades
  1497 | D        | Noticed a queen bee
  1499 | D        | Received a gift from Trog
  1515 | D        | Reached skill level 1 in Stealth
  1515 | D        | Reached XP level 10. HP: 101/101 MP: 9/9
  1520 | D        | Reached ****** piety under Trog
  1520 | D        | Received a gift from Trog
  1549 | D        | Received a gift from Trog
  1549 | D        | Reached skill level 15 in Long Blades
  1763 | D        | Found Keuso's Weapon Emporium.
  1765 | D        | Noticed an orc sorcerer
  1765 | D        | Noticed an orc high priest
  1766 | D        | Received a gift from Trog
  1767 | D        | Noticed an orange demon
  1773 | D        | Killed an orc high priest
  1782 | D        | HP: 1/101 [red devil/+1 demon trident of venom[an orc
                  | sorcerer] (16)]
  1782 | D        | Slain by an orc wizard

Illustrated notes

Levels and vault maps discovered:
D:        dungeon_sprint_mu [sprint_mu_entry_cave, sprint_mu_temple_rooms,
          sprint_mu_d1_spiders, sprint_mu_d2_genie, sprint_mu_d3_branching,
          sprint_mu_orc_legion, sprint_mu_elf_gauntlet, sprint_mu_hive_nellie,
          sprint_mu_lair_fedhas, sprint_mu_vaults_butterflies,
          sprint_mu_slime_circle, sprint_mu_swamp_cave, sprint_mu_snake_twists,
          sprint_mu_blade_basic, sprint_mu_crypt_chambers,
          sprint_mu_tomb_spiral, sprint_mu_vestibule_basic,
          sprint_mu_gehenna_hellfire, sprint_mu_dis_giant,
          sprint_mu_tartarus_statrot, sprint_mu_cocytus_islands, sprint_mu_zot1]

Skill      XL: |  1  2  3  4  5  6  7  8  9 10 |
---------------+-------------------------------+-----
Fighting       | 5 6 8 9 10 11 12 13 | 13.6
Armour         | 5 6 8 9 11 12 13 | 13.8
Shields        | 5 6 7 8 10 11 12 13 | 13.9
Long Blades    | 3 4 6 7 10 12 14 15 | 15.2
Dodging        | 1 2 4 6 7 |  7.1
Stealth        | 1 |  1.3
Evocations     | |  0.4

Action                   |  1- 3 |  4- 6 |  7- 9 | 10-12 || total
-------------------------+-------+-------+-------+-------++-------
Melee: Long sword        |    25 |    42 |   100 |    41 ||   208
       Headbutt          |     6 |     8 |    16 |     5 ||    35
       Scimitar          |       |       |       |     4 ||     4
Invok: Berserk           |       |     1 |     4 |     1 ||     6
       Brothers in Arms  |       |       |     1 |       ||     1
       Trog's Hand       |       |       |       |     1 ||     1
Evoke: Tin of tremorston |       |       |       |     3 ||     3
  Use: Potion            |     1 |     1 |       |     2 ||     4
Armor: Scale mail        |     9 |     3 |     6 |    15 ||    33
Dodge: Dodged            |     4 |     4 |    34 |    30 ||    72
Block: Kite shield       |     7 |    18 |    55 |    55 ||   135
       Rpst.: Long sword |     1 |       |    14 |     8 ||    23
       Scimitar          |       |       |       |     1 ||     1

Table legend: (Time is in decaauts)
 A = Elapsed time spent in this place.
 B = Non-inter-level travel time spent in this place.
 C = Inter-level travel time spent in this place.
 D = Time resting spent in this place.
 E = Time spent auto-exploring this place.
 F = Levels seen in this place.
 G = Mean time per level.
                   A        B        C        D        E       F      G
               +--------+--------+--------+--------+--------+-----+--------+
         Total |   1794 |   1794 |      0 |   1249 |     22 |   1 | 1794.0 |
       Dungeon |   1794 |   1794 |      0 |   1249 |     22 |   1 | 1794.0 |
               +--------+--------+--------+--------+--------+-----+--------+

Top non-repeatable levels by time:
       D: 1794 daAuts
